 Dungeon Crawl Stone Soup version 0.30-a0-263-ge22c4ad894 (webtiles) character file.

Game seed: 5580975231654695241

69653 NinjaNoafa the Severer (level 14, -11/210 HPs)
             Began as a Minotaur Monk on Oct 12, 2022.
             Was a High Priest of Jiyva.
             Mangled by a steelbarb worm (18 damage)
             ... on level 2 of the Spider Nest on Oct 13, 2022.
             The game lasted 00:39:44 (19409 turns).

NinjaNoafa the Severer (Minotaur Monk)             Turns: 19409, Time: 00:39:44

Health: -11/210    AC: 27    Str: 27    XL:     14   Next: 91%
Magic:  13/13      EV:  2    Int:  7    God:    Jiyva [*****.]
Gold:   624        SH:  0    Dex: 19    Spells: 13/13 levels left

rFire   . . .      SeeInvis .    C - +8 battleaxe "Noac" {drain, rElec rPois}
rCold   . . .      Faith    .    (shield currently unavailable)
rNeg    . . .      Spirit   .    (body armour currently unavailable)
rPois   +          Reflect  .    (helmet unavailable)
rElec   +          Harm     .    (cloak currently unavailable)
rCorr   +          Rampage  .    (gloves currently unavailable)
Will    +....      NoTele   +    (boots unavailable)
Stlth   +.........               U - amulet of the acrobat
HPRegen 1.44/turn                R - +6 ring of dexterity
MPRegen 0.58/turn                K - +6 ring of strength

@: confused, mighty, tree-form, ambrosia-drunk, spiked, inhibited regen
A: stationary, stasis, torment immunity, boosted hp, (horns 3), (retaliatory
headbutt), (hooves 3), inhibited regeneration, (pseudopods 1)
a: Renounce Religion, Oozemancy, Slimify


You were on level 2 of the Spider Nest.
You worshipped Jiyva.
Jiyva was extremely pleased with you.
You were a tree.
You visited 6 branches of the dungeon, and saw 23 of its levels.

You collected 1543 gold pieces.
You spent 919 gold pieces at shops.

Inventory:

Hand Weapons
 m - a +4 war axe of flaming
 C - the +8 battleaxe "Noac" (weapon) {drain, rElec rPois}
   (You found it on level 7 of the Dungeon)

   A truly terrible weapon, it drains the life of any living foe it strikes.
   rElec:     It insulates you from electricity.
   rPois:     It protects you from poison.
Missiles
 e - 93 stones
 q - 6 poisoned darts (quivered)
 y - 4 boomerangs
Armour
 b - a +0 plate armour (melded)
 x - the +2 pair of gloves of Jilesae (melded) {Dex+2}
   (You acquired it on level 1 of the Spider Nest)

   Dex:       It affects your dexterity (+2).
 A - a +0 pair of boots
 M - a +2 hat of see invisible
 O - the +0 cloak of the Vestibule of Hell (melded) {*Slow Str+3 Stlth+}
   (You found it on level 3 of the Lair of Beasts)

   Str:       It affects your strength (+3).
   *Slow:     It may slow you when you take damage.
   Stlth:     It makes you more stealthy.
Jewellery
 g - a ring of ice
 s - a ring of flight
 K - a +6 ring of strength (right branch)
 R - a +6 ring of dexterity (left branch)
 U - an amulet of the acrobat (around neck)
Wands
 k - a wand of light (6)
 n - a wand of iceblast (17)
 o - a wand of digging (5)
 E - a wand of flame (12)
 H - a wand of polymorph (12)
Scrolls
 a - 2 scrolls of fog
 c - 5 scrolls of amnesia
 d - 3 scrolls of silence
 f - a scroll of fear
 h - 2 scrolls of magic mapping
 j - a scroll of blinking
 l - 3 scrolls of torment
 p - 7 scrolls of teleportation
 t - a scroll of identify
 v - 6 scrolls of noise
 J - a scroll of immolation
 P - 2 scrolls of vulnerability
Potions
 i - 3 potions of degeneration
 r - 4 potions of flight
 w - 5 potions of curing
 z - a potion of attraction
 B - 2 potions of brilliance
 I - 2 potions of resistance
 N - 2 potions of cancellation
 Q - a potion of lignification
 V - a potion of might
Miscellaneous
 L - a phial of floods


   Skills:
 - Level 17.0 Fighting
 - Level 19.0 Axes
 - Level 11.7 Armour
 + Level 7.6 Dodging
 - Level 1.5 Stealth
 - Level 11.0 Evocations


You had 13 spell levels left.
You didn't know any spells.
Your spell library contained the following spells:

 Spells                   Type           Power      Damage    Failure   Level
 Magic Dart               Conj           0%         1d3       43%         1
 Necrotise                Necr           0%         1d4       43%         1
 Call Imp                 Summ           0%         N/A       56%         2
 Cigotuvi's Dreadful Rot  Necr/Pois/Air  0%         N/A       56%         2
 Poisonous Vapours        Pois/Air       0%         N/A       56%         2
 Scorch                   Fire           0%         2d5       56%         2
 Searing Ray              Conj           0%         2d4       56%         2
 Mephitic Cloud           Conj/Pois/Air  0%         N/A       80%         3
 Summon Guardian Golem    Hex/Summ       0%         N/A       80%         3
 Vampiric Draining        Necr           0%         2d6       80%         3
 Animate Armour           Summ/Erth      0%         N/A       99%         4
 Flame Wave               Conj/Fire      0%         2d4       99%         4
 Fulminant Prism          Conj/Hex       0%         3d6       99%         4
 Agony                    Necr           0%         N/A       100%        5
 Alistair's Intoxication  Tmut/Pois      0%         N/A       100%        5
 Borgnjor's Vile Clutch   Necr/Erth      0%         N/A       100%        5
 Lee's Rapid Deconstruct  Erth           0%         3d5*      100%        5
 Eringya's Noxious Bog    Tmut/Pois      0%         N/A       100%        6
 Summon Cactus Giant      Summ           0%         N/A       100%        6
 Orb of Destruction       Conj           0%         9d5       100%        7
 Spellforged Servitor     Conj/Summ      0%         N/A       100%        7
 Borgnjor's Revivificati  Necr           0%         N/A       100%        8
 Necromutation            Tmut/Necr      0%         N/A       100%        8
 Death's Door             Necr           0%         N/A       100%        9
 Shatter                  Erth           0%         3d5*      100%        9


Dungeon Overview and Level Annotations

Branches:
Dungeon (10/15)            Temple (1/1) D:6            Lair (5/5) D:8
 Shoals (0/4) Lair:3       Spider (3/4) Lair:3        Slime (2/5) Lair:5
    Orc (2/2) D:9             Elf (0/3) Orc:2

Altars:
Ashenzari
Cheibriados
Dithmenos
Elyvilon
Fedhas
Gozag
Hepliaklqana
Kikubaaqudgha
Makhleb
Nemelex Xobeh
Okawaru
Qazlal
Ru
Sif Muna
Uskayaw
Vehumet
Wu Jian
Xom
Yredelemnul
Zin
Jiyva

Shops:
D:2 *   Orc:2 !*[?(


Innate Abilities, Weirdness & Mutations

You are a tree.
Your roots penetrate the ground, keeping you stationary.
You cannot be teleported.
You are immune to unholy pain and torment.
Your maximum health is greatly increased.
Your equipment is partially melded.
((You have a pair of large horns on your head.))
((You reflexively headbutt those who attack you in melee.))
((You have hooves in place of feet.))
You do not regenerate when monsters are visible.
((Armour fits poorly on your pseudopods.))


Message History

The steelbarb worm hits you but does no damage.
Really read the scroll of torment near the jelly?
This attack would place you under penance!
Okay, then.
Okay, then.
Okay, then.
You feel very mighty all of a sudden.
The spark wasp stings you but does no damage.
The culicivora simulacrum bites you but does no damage.
The steelbarb worm hits you!
* * * LOW HITPOINT WARNING * * *
Barbed spikes become lodged in your body.
The spark wasp stings you but does no damage.
The steelbarb worm hits you but does no damage.
The jumping spider leaps!
You slash the spark wasp!
The spark wasp is almost dead.
You slash the culicivora simulacrum!
The culicivora simulacrum vaporises!
You closely miss the steelbarb worm. You slash the steelbarb worm!
The steelbarb worm hits you!
* * * LOW HITPOINT WARNING * * *
Barbed spikes become lodged in your body.
The spark wasp stings you but does no damage.
The steelbarb worm hits you!
* * * LOW HITPOINT WARNING * * *
Barbed spikes become lodged in your body.
The jumping spider leaps!
You feel better. The spark wasp barely misses you.
The steelbarb worm hits you but does no damage. x2
The spark wasp stings you!
* * * LOW HITPOINT WARNING * * *
The spark wasp shocks you. You resist.
* * * LOW HITPOINT WARNING * * *
Unknown command.
You are confused.
You feel invigorated. The steelbarb worm hits you.
* * * LOW HITPOINT WARNING * * *
Barbed spikes become lodged in your body.
The steelbarb worm hits you!!
You die...

##..........##.#
##.####...#.^.##
##...##.........#
#.<..##.........#
##.....J........#
##..##...°..^..#
#######^....###
#.○...#.#
##w♣####.. #yw#.#
... ##Z.##
#####†s#####
#....†.s^..#
##...........°
###..........
##.........
...#......


You could see 2 steelbarb worms, a spark wasp (soul bound), an orb spider (soul
bound, charged), a jumping spider (soul bound), a culicivora simulacrum and a
neutral jelly (wandering) (fellow slime).

Vanquished Creatures
  Gastronok (Lair:1)
  2 hydras (Lair:5)
  A catoblepas (Lair:5)
  Erica (D:8)
  2 ogre magi (Orc:2)
  2 boulder beetles
  10 death yaks
  A deep troll shaman (Lair:5)
  10 two-headed ogres
  3 pharaoh ants
  2 deep trolls (Orc:2)
  A steelbarb worm (Spider:1)
  Pikel (D:6)
  6 wolf spiders
  2 cyclopes (Orc:2)
  2 orc knights
  23 elephants
  Joseph (D:7)
  2 black mambas
  6 torpor snails
  Psyche (D:8)
  2 rime drakes
  10 komodo dragons
  4 cane toads
  A demonic crawler (Spider:1)
  12 trolls
  10 polar bears
  Prince Ribbit (D:8)
  6 blink frogs
  5 dream sheep (Lair:3)
  8 tarantellas
  10 jumping spiders
  13 culicivoras
  3 wyverns
  40 yaks
  4 basilisks
  A steam dragon (D:8)
  Grum (D:8)
  8 redbacks
  5 wargs
  10 water moccasins
  11 orc warriors
  7 black bears
  An ice beast (D:5)
  21 ogres
  6 centaurs
  A lemure (D:6)
  9 wolves
  A phantom (D:5)
  A kobold brigand (D:8)
  5 bullfrogs
  2 gnoll sergeants
  3 scorpions
  2 necrophages (D:6)
  5 wights (D:8)
  7 killer bees
  3 howler monkeys
  6 electric eels
  3 jellies
  Crazy Yiuf (D:7)
  12 orc priests
  4 hounds
  4 iguanas
  9 orc wizards
  Robin (D:4)
  10 gnolls
  5 adders
  A shadow imp (D:7)
  3 white imps
  An ufetubus (D:6)
  4 worms
  A dart slug (D:3)
  47 orcs
  4 ball pythons
  6 endoplasms
  7 giant cockroaches
  9 hobgoblins
  4 jackals (D:1)
  3 quokkas
  3 bats
  3 frilled lizards
  14 goblins
  9 kobolds
  8 rats
501 creatures vanquished.

Vanquished Creatures (others)
  An electric eel (D:9)
  19 jellies
  3 orc priests
  8 orc wizards
  6 orcs
  13 fungi
  76 plants
126 creatures vanquished.

Grand Total: 627 creatures vanquished

Notes
Turn   | Place    | Note
-------+----------+-------------------------------------------
     0 | D:1      | NinjaNoafa the Minotaur Monk began the quest for the Orb.
     0 | D:1      | Reached XP level 1. HP: 19/19 MP: 0/0
   138 | D:1      | Reached skill level 4 in Axes
   175 | D:1      | Reached XP level 2. HP: 27/27 MP: 1/1
   256 | D:1      | Reached skill level 1 in Armour
   651 | D:2      | Reached XP level 3. HP: 32/33 MP: 2/2
   879 | D:2      | Found a hide-covered altar of Uskayaw.
   965 | D:2      | You fall into a shaft and drop 1 floor!
   978 | D:3      | HP: 1/33 [orc priest/nerve-wracking pain (13)]
   986 | D:3      | Reached skill level 5 in Axes
   986 | D:3      | Reached XP level 4. HP: 8/41 MP: 3/3
  1499 | D:2      | Found Qoedeiv's General Store.
  1701 | D:3      | Upgraded the game from 0.30-a0-250-g41c1d76940 to
                  | 0.30-a0-263-ge22c4ad894
  2160 | D:4      | Noticed a scorpion
  2174 | D:4      | Killed a scorpion
  2175 | D:4      | Reached skill level 5 in Fighting
  2175 | D:4      | Reached XP level 5. HP: 14/48 MP: 4/4
  2340 | D:4      | Noticed Robin
  2361 | D:4      | Killed Robin
  2362 | D:4      | Reached skill level 6 in Axes
  2790 | D:4      | Reached XP level 6. HP: 37/56 MP: 5/5
  3244 | D:4      | Reached skill level 7 in Axes
  3513 | D:5      | Entered Level 5 of the Dungeon
  3795 | D:5      | Reached skill level 5 in Armour
  3795 | D:5      | Reached XP level 7. HP: 52/61 MP: 6/6
  4117 | D:5      | Reached skill level 8 in Axes
  4281 | D:5      | Reached skill level 9 in Axes
  4299 | D:5      | Reached XP level 8. HP: 61/71 MP: 7/7
  4523 | D:6      | Got the Excursus on the Lithosphere
  4571 | D:6      | Found a staircase to the Ecumenical Temple.
  4602 | Temple   | Entered the Ecumenical Temple
  4602 | Temple   | Found a transporter.
  4602 | Temple   | Found a transporter.
  4609 | Temple   | Found a transporter.
  4609 | Temple   | Found a transporter.
  4669 | D:6      | Found a basalt altar of Yredelemnul.
  5022 | D:6      | Noticed Pikel
  5039 | D:6      | Killed Pikel
  5040 | D:6      | Reached skill level 10 in Axes
  5311 | D:6      | Reached XP level 9. HP: 50/79 MP: 8/8
  5559 | D:7      | Reached skill level 11 in Axes
  5573 | D:7      | Identified the +8 battleaxe "Noac" {drain, rElec rPois}
  5590 | D:7      | Noticed Joseph
  5606 | D:7      | Killed Joseph
  6655 | D:7      | Found a runed translucent door.
  6656 | D:7      | Noticed Crazy Yiuf
  6660 | D:7      | Killed Crazy Yiuf
  7155 | D:8      | Found a shadowy altar of Dithmenos.
  7238 | D:8      | Noticed Erica
  7250 | D:8      | Killed Erica
  7367 | D:8      | Noticed Grum
  7381 | D:8      | Killed Grum
  7586 | D:8      | Noticed Psyche
  7591 | D:8      | Killed Psyche
  7592 | D:8      | Reached skill level 12 in Axes
  7592 | D:8      | Reached XP level 10. HP: 93/95 MP: 9/9
  7668 | D:8      | Reached skill level 13 in Axes
  7670 | D:8      | Found a staircase to the Lair.
  8036 | D:8      | Noticed Prince Ribbit
  8056 | D:8      | Killed Prince Ribbit
  8057 | D:8      | Reached skill level 5 in Dodging
  8446 | Lair:1   | Entered Level 1 of the Lair of Beasts
  9014 | Lair:1   | Noticed Gastronok
  9024 | Lair:1   | Killed Gastronok
  9234 | Lair:1   | Reached XP level 11. HP: 38/107 MP: 10/10
  9477 | D:2      | Bought a potion of degeneration for 12 gold pieces
  9477 | D:2      | Bought a potion of curing for 36 gold pieces
  9477 | D:2      | Bought 3 scrolls of noise for 36 gold pieces
 10188 | Lair:2   | Found a snail-covered altar of Cheibriados.
 10413 | Lair:2   | Reached skill level 15 in Fighting
 10831 | Lair:3   | Found a gate leading to a gauntlet.
 10849 | Lair:3   | Noticed a death yak
 10849 | Lair:3   | Noticed a death yak
 10854 | Lair:3   | Noticed a death yak
 10857 | Lair:3   | Noticed a death yak
 10858 | Lair:3   | Killed a death yak
 10858 | Lair:3   | Killed a death yak
 10859 | Lair:3   | Reached skill level 10 in Armour
 10860 | Lair:3   | Noticed a death yak
 10861 | Lair:3   | Killed a death yak
 10869 | Lair:3   | Killed a death yak
 10870 | Lair:3   | Killed a death yak
 10874 | Lair:3   | Reached skill level 14 in Axes
 11038 | Lair:3   | Reached XP level 12. HP: 74/119 MP: 11/11
 11388 | Lair:3   | Reached skill level 15 in Axes
 11395 | Lair:3   | Reached skill level 1 in Evocations
 11515 | Lair:3   | Identified the +0 cloak of the Vestibule of Hell {*Slow
                  | Str+3 Stlth+}
 11824 | Lair:3   | Found a staircase to the Shoals.
 12243 | Lair:3   | Found a hole to the Spider Nest.
 12486 | Lair:3   | Reached skill level 5 in Evocations
 12533 | Lair:4   | Gained mutation: You are robust. (+10% HP) [potion of
                  | mutation]
 12533 | Lair:4   | Gained mutation: Your system is resistant to poisons.
                  | (rPois) [potion of mutation]
 12989 | Lair:4   | Reached XP level 13. HP: 134/138 MP: 12/12
 13760 | Lair:5   | Entered Level 5 of the Lair of Beasts
 14126 | Lair:5   | Reached skill level 10 in Evocations
 15216 | Lair:5   | Found a viscous altar of Jiyva.
 15217 | Lair:5   | Found a staircase to the Slime Pits.
 15220 | Lair:5   | Became a worshipper of Jiyva Jityps the Shapeless
 15220 | Lair:5   | Reached * piety under Jiyva
 15220 | Lair:5   | Reached ** piety under Jiyva
 15294 | Lair:5   | Reached skill level 16 in Axes
 15442 | Lair:5   | Identified a scroll of acquirement
 15691 | Slime:1  | Entered Level 1 of the Pits of Slime
 15691 | Slime:1  | Noticed an azure jelly
 15706 | Slime:1  | Noticed an azure jelly
 15710 | Slime:1  | Noticed an azure jelly
 15711 | Slime:1  | Noticed an azure jelly
 15718 | Slime:1  | Noticed a rockslime
 15728 | Slime:1  | Noticed an azure jelly
 16002 | Slime:2  | Noticed an acid blob
 16022 | Slime:2  | Noticed an acid blob
 16025 | Slime:2  | Noticed an azure jelly
 16026 | Slime:2  | Noticed an azure jelly
 16026 | Slime:2  | Noticed an acid blob
 16044 | Slime:2  | Noticed an acid blob
 16046 | Slime:2  | Noticed an azure jelly
 16514 | D:9      | Found a staircase to the Orcish Mines.
 16541 | Orc:1    | Entered Level 1 of the Orcish Mines
 16580 | Orc:1    | Reached *** piety under Jiyva
 16590 | Orc:1    | Gained mutation: Armour fits poorly on your pseudopods.
                  | [Jiyva's grace]
 16590 | Orc:1    | Gained mutation: Armour fits poorly on your large
                  | pseudopods. [Jiyva's grace]
 16590 | Orc:1    | Gained mutation: Armour fits poorly on your massive
                  | pseudopods. [Jiyva's grace]
 16590 | Orc:1    | Gained mutation: You have large cloven feet. [Jiyva's
                  | grace]
 16639 | Orc:1    | Reached skill level 17 in Axes
 16771 | Orc:2    | Entered Level 2 of the Orcish Mines
 16816 | Orc:2    | Reached XP level 14. HP: 84/148 MP: 13/13
 16849 | Orc:2    | HP: 7/151 [ogre/+0 giant spiked club (28)]
 16855 | Orc:2    | Found Xisaijyale's Distillery.
 16855 | Orc:2    | Found a staircase to the Elven Halls.
 16855 | Orc:2    | Found Nimof's Antique Armour Boutique.
 16855 | Orc:2    | Found Seufeat's Magic Scroll Shoppe.
 16941 | Orc:2    | Found Jemmaok's General Store.
 17049 | Orc:2    | Reached **** piety under Jiyva
 17053 | Orc:2    | Bought a wand of polymorph (4) for 56 gold pieces
 17053 | Orc:2    | Bought a wand of iceblast (5) for 120 gold pieces
 17053 | Orc:2    | Bought a wand of light (3) for 126 gold pieces
 17058 | Orc:2    | Bought a scroll of identify for 26 gold pieces
 17058 | Orc:2    | Bought a scroll of enchant armour for 97 gold pieces
 17064 | Orc:2    | Bought a pair of boots for 130 gold pieces
 17074 | Orc:2    | Bought a potion of mutation for 112 gold pieces
 17074 | Orc:2    | Bought a potion of ambrosia for 112 gold pieces
 17074 | Orc:2    | Bought a potion of might for 56 gold pieces
 17075 | Orc:2    | Lost mutation: You are robust. (+10% HP) [potion of
                  | mutation]
 17075 | Orc:2    | Lost mutation: You have large cloven feet. [potion of
                  | mutation]
 17075 | Orc:2    | Lost mutation: Your system is resistant to poisons. (rPois)
                  | [potion of mutation]
 17075 | Orc:2    | Gained mutation: You have hidden genetic potential. [potion
                  | of mutation]
 17075 | Orc:2    | Gained mutation: You do not regenerate when monsters are
                  | visible. [potion of mutation]
 17075 | Orc:2    | Lost mutation: You have hidden genetic potential. [potion
                  | of mutation]
 17076 | Orc:2    | Lost mutation: Armour fits poorly on your massive
                  | pseudopods. [potion of mutation]
 17076 | Orc:2    | Lost mutation: Armour fits poorly on your large pseudopods.
                  | [potion of mutation]
 17076 | Orc:2    | Gained mutation: You have hidden genetic defects. [potion
                  | of mutation]
 17076 | Orc:2    | Gained mutation: You are frail. (-10% HP) [potion of
                  | mutation]
 17076 | Orc:2    | Gained mutation: You have very sharp teeth. [potion of
                  | mutation]
 17195 | Orc:2    | Found Doob's Antique Weapon Boutique.
 17470 | Orc:1    | Found a runed translucent door.
 18159 | D:9      | Found a snail-covered altar of Cheibriados.
 18233 | D:10     | Entered Level 10 of the Dungeon
 18376 | Spider:1 | Entered Level 1 of the Spider Nest
 18459 | Spider:1 | Reached ***** piety under Jiyva
 18459 | Spider:1 | Lost mutation: You have very sharp teeth. [Jiyva's grace]
 18459 | Spider:1 | Lost mutation: You are frail. (-10% HP) [Jiyva's grace]
 18459 | Spider:1 | Lost mutation: You have hidden genetic defects. [Jiyva's
                  | grace]
 18459 | Spider:1 | Gained mutation: You have large cloven feet. [Jiyva's
                  | grace]
 18459 | Spider:1 | Gained mutation: You have hoof-like feet. [Jiyva's grace]
 18459 | Spider:1 | Gained mutation: You have hooves in place of feet. [Jiyva's
                  | grace]
 18459 | Spider:1 | Gained mutation: You have a pair of large horns on your
                  | head. [Jiyva's grace]
 18463 | Spider:1 | Acquired the +2 pair of gloves of Jilesae {Dex+2}
 18573 | Spider:1 | Reached skill level 18 in Axes
 19318 | Spider:2 | You fall into a shaft and drop 1 floor!
 19318 | Spider:3 | Noticed an emperor scorpion
 19403 | Spider:2 | Reached skill level 19 in Axes
 19407 | Spider:2 | HP: 6/210 [steelbarb worm (7)]
 19409 | Spider:2 | Mangled by a steelbarb worm

Illustrated notes

Levels and vault maps discovered:
D:1:      tarquinn_simple_flora_water_c, layout_rooms
D:2:      layout_basic, basic_altar, serial_shops, nicolae_lakefront_shop,
          kennysheep_crisscross
D:3:      layout_basic
D:4:      layout_layer_cave, minmay_quantized, uniq_robin
D:5:      nicolae_cairo_tiling_very_big, layout_loops_ring, serial_glass,
          glass_columns_b, glass_columns_a, glass_columns_a, glass_columns_a,
          glass_columns_a, glass_columns_a, serial_bayou_pond_d,
          serial_bayou_pond_a
D:6:      layout_basic, overflow_temple_1_default,
          minmay_temple_entry_sparse_star, uniq_pikel
D:7:      layout_layer_cave, serial_bayou_lagoon_b, uniq_crazy_yiuf_cottage,
          uniq_joseph
D:8:      layout_rooms, nicolae_dithmenos_the_darkroom, erik_lair_dragon,
          uniq_erica, uniq_prince_ribbit1, uniq_psyche, uniq_grum
D:9:      layout_loops_ring, kennysheep_mini_moat,
          minmay_orc_entry_temple_small, serial_bayou, serial_bayou_shore_b,
          serial_bayou_pond_a, serial_bayou_shore_b, serial_bayou_ford_a
D:10:     layout_roguey, gammafunk_temple_overflow_elements,
          gammafunk_ghost_icy, kennysheep_just_a_vault
Temple:   hellmonk_temple_divided_pantheon
Lair:1:   beast_lair_carwin_large_1, layout_long_grid, uniq_gastronok
Lair:2:   layout_hall_layers, kennysheep_snail_temple, lemuel_fruit_fields
Lair:3:   layout_gridlike, minmay_shoals_entry_centaurs,
          hellmonk_spider_entry_life_and_decay, gauntlet_entry_generic
Lair:4:   beast_lair_carwin_large_3, layout_cave_pods
Lair:5:   grunt_lair_end_beastmaster, layout_hall_layers,
          dpeg_slime_entry_enclosed
Spider:1: layout_spider_delve
Spider:2: layout_spider_delve, uniq_donald
Spider:3: layout_spider_delve, special_room [special_room_bee]
Slime:1:  layout_caves
Slime:2:  layout_caves
Orc:1:    layout_caves, lightli_church_of_beogh
Orc:2:    st_orc_open, layout_caves, serial_shops, nicolae_shop_window_shopping

Skill      XL: |  1  2  3  4  5  6  7  8  9 10 11 12 13 14 |
---------------+-------------------------------------------+-----
Axes           | 4 5 6 7 9 10 12 13 14 15 17 19 | 19.0
Armour         | 1 2 3 5 7 8 11 | 11.7
Fighting       | 4 5 6 7 11 13 15 17 | 17.0
Dodging        | 4 5 7 |  7.6
Evocations     | 9 11 | 11.0
Stealth        | |  1.5

Action                   |  1- 3 |  4- 6 |  7- 9 | 10-12 | 13-15 || total
-------------------------+-------+-------+-------+-------+-------++-------
Melee: Hand axe          |    85 |    85 |   132 |       |       ||   302
       Headbutt          |     8 |    20 |    39 |    71 |    73 ||   211
       Punch             |     1 |     1 |     2 |       |       ||     4
       War axe           |       |    50 |       |       |       ||    50
       Battleaxe         |       |       |    60 |   261 |   348 ||   669
       Whip              |       |       |       |       |     5 ||     5
       Kick              |       |       |       |       |    57 ||    57
       Pseudopods        |       |       |       |       |    46 ||    46
       Bite              |       |       |       |       |     3 ||     3
Throw: Dart              |       |     2 |    11 |       |    14 ||    27
Evoke: Wand              |       |       |       |       |     9 ||     9
  Use: Potion            |     2 |     2 |     2 |     2 |    13 ||    21
       Scroll            |       |       |    13 |     4 |    18 ||    35
Armor: Robe              |    15 |       |       |       |       ||    15
       Leather armour    |     7 |     2 |       |       |       ||     9
       Ring mail         |       |    44 |    25 |       |       ||    69
       Chain mail        |       |       |    58 |   167 |   109 ||   334
       Skin              |       |       |     9 |       |    17 ||    26
       Plate armour      |       |       |       |       |    65 ||    65
Dodge: Dodged            |    97 |    81 |    90 |   148 |   351 ||   767

Table legend: (Time is in decaauts)
 A = Elapsed time spent in this place.
 B = Non-inter-level travel time spent in this place.
 C = Inter-level travel time spent in this place.
 D = Time resting spent in this place.
 E = Time spent auto-exploring this place.
 F = Levels seen in this place.
 G = Mean time per level.
                   A        B        C        D        E       F      G
               +--------+--------+--------+--------+--------+-----+--------+
         Total |  19465 |  17177 |   2288 |    137 |  13935 |  23 |  846.3 |
       Dungeon |  10023 |   8670 |   1353 |    137 |   7045 |  10 | 1002.3 |
        Temple |     32 |     30 |      2 |      0 |      9 |   1 |   32.0 |
          Lair |   6699 |   6028 |    671 |      0 |   5023 |   5 | 1339.8 |
   Spider Nest |   1012 |    969 |     43 |      0 |    714 |   3 |  337.3 |
    Slime Pits |    530 |    475 |     55 |      0 |    455 |   2 |  265.0 |
  Orcish Mines |   1167 |   1005 |    162 |      0 |    688 |   2 |  583.5 |
               +--------+--------+--------+--------+--------+-----+--------+

Top non-repeatable levels by time:
     D:8: 2007 daAuts
  Lair:5: 1631 daAuts
     D:4: 1519 daAuts
     D:7: 1482 daAuts
  Lair:3: 1403 daAuts
  Lair:4: 1305 daAuts
  Lair:2: 1276 daAuts
     D:6: 1088 daAuts
  Lair:1: 1082 daAuts
     D:5: 1006 daAuts
     D:2: 928 daAuts
Spider:1: 891 daAuts
     D:9: 762 daAuts
   Orc:2: 624 daAuts
     D:1: 611 daAuts
